 Dungeon Crawl Stone Soup version 0.30-a0-808-g6e0788376e (webtiles) character file.

Game seed: 9495251427032512562

4908 bmack86 the Cleaver (level 10, -11/84 (88) HPs)
             Began as a Minotaur Fighter on Feb 26, 2023.
             Was an Elder of Okawaru.
             Mangled by Gastronok (21 damage)
             ... on level 9 of the Dungeon.
             The game lasted 00:18:56 (7306 turns).

bmack86 the Cleaver (Minotaur Fighter)              Turns: 7306, Time: 00:18:57

HP:   -11/84 (88)   AC: 18    Str: 24    XL:     10   Next: 27%
MP:   12/12         EV:  7    Int: 10    God:    Okawaru [****..]
Gold: 502           SH:  6    Dex: 11    Spells: 9/9 levels left

rFire   . . .      SeeInvis +    a - +0 war axe (venom)
rCold   + . .      Faith    +    c - +0 buckler
rNeg    . . .      Spirit   .    C - +0 plate armour
rPois   .          Reflect  .    r - +1 hat
rElec   .          Harm     .    j - +2 cloak
rCorr   .          Rampage  .    (no gloves)
Will    .....                    (no boots) Stlth
                                 s - amulet of faith
HPRegen 0.34/turn                l - ring of Wudwefyps {Drain Int+5 Slay+3 SInv}
MPRegen 0.13/turn                n - ring of protection from cold

@: slowed, lightly drained, very slow
A: horns 2, retaliatory headbutt
a: Renounce Religion, Heroism, Finesse


You were on level 9 of the Dungeon.
You worshipped Okawaru.
Okawaru was greatly pleased with you.
You visited 2 branches of the dungeon, and saw 10 of its levels.
You also visited: Sewer.

You collected 502 gold pieces.

Inventory:

Hand Weapons
 a - a +0 war axe of venom (weapon)
Missiles
 o - 23 poisoned darts (quivered)
 u - 4 boomerangs
 B - 2 javelins
Armour
 b - a +1 scale mail
 c - a +0 buckler (worn)
 j - a +2 cloak (worn)
 r - a +1 hat (worn)
 w - a +0 chain mail
 C - a +0 plate armour (worn)
Jewellery
 l - the ring of Wudwefyps (left hand) {Drain Int+5 Slay+3 SInv}
   (You found it on level 2 of the Dungeon)

   [ring of see invisible]

   Int:       It affects your intelligence (+5).
   Slay:      It affects your accuracy & damage with ranged weapons and melee
   (+3).
   SInv:      It lets you see invisible.
   Drain:     It drains your maximum health when unequipped.
 n - a ring of protection from cold (right hand)
 s - an amulet of faith (around neck)
Wands
 D - a wand of iceblast (6)
Scrolls
 g - 3 scrolls of fog
 q - a scroll of magic mapping
 t - 2 scrolls of amnesia
 v - a scroll of immolation
 x - a scroll of teleportation
 y - a scroll of silence
Potions
 d - 6 potions of might
 e - 3 potions of curing
 f - 2 potions of brilliance
 h - a potion of resistance {unknown}
 i - 4 potions of haste
 k - 4 potions of cancellation
 m - 5 potions of magic
 p - a potion of heal wounds {unknown}
 z - 2 potions of berserk rage {unknown}
 A - a potion of lignification {unknown}


   Skills:
 + Level 8.0 Fighting
 * Level 10.5 Axes
 + Level 4.6 Throwing
 + Level 8.1 Armour
 + Level 8.2 Shields
 + Level 4.6 Invocations


You had 9 spell levels left.
You didn't know any spells.
Your spell library contained the following spells:

 Spells                   Type           Power      Damage    Failure   Level
 Apportation              Tloc           0%         N/A       99%         1
 Foxfire                  Conj/Fire      0%         2x1d4     99%         1
 Necrotise                Necr           0%         1d4       99%         1
 Sandblast                Erth           0%         2d4       99%         1
 Passwall                 Tmut/Erth      0%         N/A       100%        2
 Portal Projectile        Hex/Tloc       0%         N/A       100%        3
 Stone Arrow              Conj/Erth      0%         3d7       100%        3
 Alistair's Intoxication  Tmut/Pois      0%         N/A       100%        5
 Blade Hands              Tmut           0%         N/A       100%        5
 Fireball                 Conj/Fire      0%         3d3       100%        5
 Starburst                Conj/Fire      0%         6d3       100%        6
 Summon Small Mammal      Summ           Unusable   N/A       N/A         1
 Tukima's Dance           Hex            Unusable   N/A       N/A         3

Dungeon Overview and Level Annotations

Branches:
Dungeon (9/15)             Temple (1/1) D:5             Orc (0/2) D:9
  Sewer (visited)
   Lair: D:8-11

Altars:
Ashenzari
Dithmenos
Elyvilon
Fedhas
Gozag
Kikubaaqudgha
Makhleb
Nemelex Xobeh
Okawaru
Qazlal
Ru
Sif Muna
Trog
Uskayaw
Wu Jian
Xom
Zin
The Shining One

Shops:
D:9 (

Annotations:
D:5 2 transporters, groundbeetle's ghost, novice DsEE
D:9 Gastronok


Innate Abilities, Weirdness & Mutations

You have a pair of horns on your head.
You reflexively headbutt those who attack you in melee.


Message History

The wight hits you but does no damage.
You slash the wight!
You destroy the wight!
Okawaru accepts your kill.
Things that are here:
a +0 battleaxe; a +0 robe
Things that are here:
a +3 falchion of freezing; a +0 robe
Things that are here:
a +0 scimitar; a +0 robe Gastronok the Ponderous comes into view.
He is wearing a +1 hat of stealth.
Gastronok gurgles horribly!
You hear a shout! x2
Gastronok looks at you while chanting.
You feel yourself slow down.
You slice Gastronok!!
Gastronok is poisoned.
You headbutt Gastronok!
Gastronok is moderately wounded.
Gastronok bites you.
You hit Gastronok.
Gastronok looks as sick as possible!
Gastronok is moderately wounded.
Gastronok bites you!!
You completely miss Gastronok. Your headbutt misses Gastronok.
Gastronok is moderately wounded.
An orc priest comes into view. It is wielding a +0 hand axe.
You hit Gastronok.
You headbutt Gastronok, but do no damage.
Gastronok is moderately wounded.
You block Gastronok's attack.
The orc priest mumbles some strange prayers to Beogh against you.
Beogh smites you!
You hit Gastronok.
Gastronok looks as sick as possible!
Gastronok is moderately wounded.
Gastronok bites you!!
* * * LOW HITPOINT WARNING * * *
The orc priest calls down the wrath of Beogh upon you.
Beogh smites you!
* * * LOW HITPOINT WARNING * * *
You slash Gastronok!
Gastronok is heavily wounded.
Gastronok bites you!!
You die...

......# ####.####
......####### ##.#
.............##..#
..#..........#.#.##
..............###.#
#............#.#.##
.....#.......##..#
#.##.#....... ##.#
. .#....... #@# #
.####.# #w# #. #o#
.. ..# ###


You could see Gastronok (extremely poisoned) and an orc priest.

Vanquished Creatures
  Erica (D:9)
  A hornet (D:9)
  Grinder (D:6)
  A wyvern (D:7)
  2 shadows (D:9)
  Grum (D:8)
  2 two-headed ogre zombies (D:9)
  A water moccasin (D:9)
  An orc warrior (D:9)
  A sky beast (D:7)
  4 wolves (D:8)
  2 centaurs
  A kobold brigand (D:6)
  3 phantoms
  5 bullfrogs
  4 scorpions
  A troll zombie (D:9)
  9 wights
  5 hounds
  3 jellies
  5 orc priests
  2 iguanas
  2 orc wizards
  5 ogre zombies (D:9)
  7 gnolls
  11 adders
  A shadow imp (D:6)
  5 worms
  4 dart slugs
  28 orcs
  16 ball pythons
  14 endoplasms
  7 giant cockroaches
  7 hobgoblins
  3 jackals (D:2)
  4 quokkas
  6 bats
  11 frilled lizards
  5 goblins
  A goblin skeleton (D:9)
  3 goblin zombies (D:9)
  2 hobgoblin zombies (D:9)
  11 kobolds
  6 orc skeletons (D:9)
  13 orc zombies (D:9)
  7 rats
235 creatures vanquished.

Vanquished Creatures (others)
  15 fungi (D:5)
15 creatures vanquished.

Grand Total: 250 creatures vanquished

Notes
Turn   | Place    | Note
-------+----------+-------------------------------------------
     0 | D:1      | bmack86 the Minotaur Fighter began the quest for the Orb.
     0 | D:1      | Reached XP level 1. HP: 19/19 MP: 0/0
   149 | D:1      | Reached XP level 2. HP: 25/27 MP: 1/1
   168 | D:1      | Reached skill level 3 in Axes
   584 | D:1      | Reached XP level 3. HP: 33/33 MP: 2/2
  1163 | D:2      | Identified the ring of Wudwefyps {Drain Int+5 Slay+3 SInv}
  1220 | D:2      | Reached XP level 4. HP: 36/40 MP: 3/3
  1366 | D:2      | Reached skill level 4 in Axes
  1782 | D:3      | Reached XP level 5. HP: 47/47 MP: 4/4
  1960 | D:4      | Reached skill level 5 in Axes
  1979 | D:4      | Reached XP level 6. HP: 53/55 MP: 5/5
  2001 | D:4      | Found a glowing drain.
  2013 | D:4      | Reached skill level 5 in Shields
  2017 | Sewer    | Entered a sewer
  2053 | Sewer    | Reached skill level 5 in Armour
  2093 | Sewer    | Reached skill level 5 in Fighting
  2145 | Sewer    | Found a viscous altar of Jiyva.
  2717 | D:4      | Reached skill level 6 in Axes
  3119 | D:5      | Entered Level 5 of the Dungeon
  3124 | D:5      | Reached XP level 7. HP: 61/61 MP: 6/6
  3328 | D:5      | Found a transporter.
  3331 | D:5      | Noticed groundbeetle's ghost (novice DsEE)
  3332 | D:5      | Noticed a wraith
  3369 | D:5      | Found a transporter.
  3436 | D:5      | Found a staircase to the Ecumenical Temple.
  3446 | Temple   | Entered the Ecumenical Temple
  3565 | Temple   | Became a worshipper of Warmaster Okawaru
  4110 | D:6      | Noticed Grinder
  4118 | D:6      | Paralysed by Grinder for 3 turns
  4121 | D:6      | Killed Grinder
  4122 | D:6      | Reached skill level 7 in Axes
  4122 | D:6      | Reached skill level 1 in Throwing
  4122 | D:6      | Reached skill level 1 in Invocations
  4122 | D:6      | Reached XP level 8. HP: 32/70 MP: 6/8
  4525 | D:6      | Identified the +8 quarterstaff of Virtue {speed, rF+ rCorr
                  | Int+3}
  4652 | D:6      | Reached * piety under Okawaru
  5002 | D:7      | Reached skill level 8 in Axes
  5467 | D:7      | Reached ** piety under Okawaru
  5518 | D:8      | Noticed Grum
  5524 | D:8      | Reached XP level 9. HP: 54/78 MP: 7/10
  5531 | D:8      | Killed Grum
  5891 | D:8      | Reached skill level 9 in Axes
  6396 | D:8      | Noticed an eight-headed hydra
  6397 | D:8      | Noticed a boulder beetle
  6443 | D:9      | Found a staircase to the Orcish Mines.
  6459 | D:9      | Reached *** piety under Okawaru
  6628 | D:9      | Reached skill level 10 in Axes
  6631 | D:9      | Reached **** piety under Okawaru
  6803 | D:9      | Found Reud's Weapon Shoppe.
  6882 | D:9      | Noticed Erica
  6890 | D:9      | Killed Erica
  6890 | D:9      | Received a gift from Okawaru
  6891 | D:9      | Reached XP level 10. HP: 88/88 MP: 9/12
  7297 | D:9      | Noticed Gastronok
  7306 | D:9      | Mangled by Gastronok

Illustrated notes

Levels and vault maps discovered:
D:1:      matt_arrival_grand_opening, layout_basic, minmay_hexomino_c4
D:2:      layout_rooms, st_stairs_9, kennysheep_generic_room_9
D:3:      layout_basic
D:4:      layout_loops_corners, cheibrodos_sewer_entry_drain,
          ebering_dispersal_statue_hall
D:5:      layout_rooms, minmay_temple_entry_water_ring, gammafunk_ghost_arena,
          serial_aquarium, aquarium_bridge_long_separate
          [aquarium_subvault_wall, aquarium_subvault_bridge,
          aquarium_subvault_window, aquarium_subvault_bridge,
          aquarium_subvault_bridge, aquarium_subvault_window],
          aquarium_window_fake, aquarium_window_corner, aquarium_window_1,
          aquarium_view_2c, aquarium_view_2c, aquarium_balcony_5a,
          aquarium_pool_S
D:6:      layout_basic, uniq_grinder
D:7:      layout_basic
D:8:      minmay_bloctagon, layout_layer_cave, nicolae_overflow_hidden_temple,
          minmay_increasing_density, uniq_grum
D:9:      layout_loops_cross, zombieorc2_lemuel, serial_shops, shop,
          uniq_gastronok, uniq_erica
Temple:   regret_index_temple_chain_breaker

Skill      XL: |  1  2  3  4  5  6  7  8  9 10 |
---------------+-------------------------------+-----
Axes           | 3 4 5 6 7 8 10 | 10.5
Fighting       | 4 5 6 7 8 |  8.0
Armour         | 4 5 6 8 |  8.1
Shields        | 4 5 6 8 |  8.2
Throwing       | 1 2 4 |  4.6
Invocations    | 1 2 4 |  4.6

Action                     |  1- 3 |  4- 6 |  7- 9 | 10-12 || total
---------------------------+-------+-------+-------+-------++-------
  Melee: War axe           |    82 |   119 |   187 |    26 ||   414
         Headbutt          |    10 |    22 |    37 |     3 ||    72
  Throw: Dart              |       |     2 |       |       ||     2
 Invoke: Heroism           |       |       |     4 |       ||     4
    Use: Scroll            |     2 |     5 |    13 |       ||    20
 Armour: Scale mail        |    46 |    60 |     5 |       ||   111
         Chain mail        |       |       |    96 |     8 ||   104
         Plate armour      |       |       |       |     3 ||     3
  Dodge: Dodged            |    37 |    68 |    76 |     9 ||   190
  Block: Buckler           |    22 |    29 |    61 |    11 ||   123

Table legend: (Time is in decaauts)
 A = Elapsed time spent in this place.
 B = Non-inter-level travel time spent in this place.
 C = Inter-level travel time spent in this place.
 D = Time resting spent in this place.
 E = Time spent auto-exploring this place.
 F = Levels seen in this place.
 G = Mean time per level.
                   A        B        C        D        E       F      G
               +--------+--------+--------+--------+--------+-----+--------+
         Total |   7425 |   7295 |    130 |    421 |   4676 |  11 |  675.0 |
       Dungeon |   7012 |   6893 |    119 |    421 |   4548 |   9 |  779.1 |
        Temple |    131 |    120 |     11 |      0 |     88 |   1 |  131.0 |
         Sewer |    281 |    281 |      0 |      0 |     39 |   1 |  281.0 |
               +--------+--------+--------+--------+--------+-----+--------+

Top non-repeatable levels by time:
     D:4: 956 daAuts
     D:1: 938 daAuts
     D:9: 894 daAuts
     D:8: 889 daAuts
     D:5: 815 daAuts
     D:6: 775 daAuts
     D:7: 696 daAuts
     D:2: 685 daAuts
     D:3: 359 daAuts
   Sewer: 281 daAuts
  Temple: 131 daAuts
